 Dungeon Crawl Stone Soup version 0.25-a0-667-gb977e01cb5 (webtiles) character file.

Game seed: 12805677760621782435, levelgen mode: deterministic

446 Hartz the Digger (level 7, -8/36 HPs)
             Began as a Gargoyle Earth Elementalist on Mar 27, 2020.
             Shot with an arrow by a centaur (13 damage)
             ... on level 4 of the Dungeon.
             The game lasted 00:09:53 (3765 turns).

Hartz the Digger (Gargoyle Earth Elementalist)      Turns: 3765, Time: 00:09:54

Health: -8/36      AC:  8    Str: 11    XL:     7   Next: 3%
Magic:  8/12       EV: 12    Int: 18    God:
Gold:   191        SH:  2    Dex: 10    Spells: 5/14 levels left

rFire    . . .     SeeInvis .   l - +2 short sword
rCold    . . .     Gourm    .   (no shield)
rNeg     + . .     Faith    .   c - +1 robe
rPois    ∞         Spirit   .   (helmet restricted)
rElec    +         Reflect  +   (no cloak)
rCorr    .         Harm     .   m - +0 pair of gloves
MR       .....                  (no boots)
Stlth    +.........             i - +2 amulet of reflection
HPRegen  0.12/turn              t - ring of flight
MPRegen  0.13/turn              a - ring of attention (curse)

@: brilliant, flying, hasted, very quick
A: big wings, horns 1, low mp 1, negative energy resistance 1, electricity
resistance, unbreathing, petrification resistance, rot immunity, AC +4
a: Fly


You were on level 4 of the Dungeon.
You were not hungry.

You visited 1 branch of the dungeon, and saw 4 of its levels.

You collected 191 gold pieces.

Inventory:

Hand Weapons
 h - a +0 dagger
 l - a +2 short sword (weapon)
Missiles
 b - 35 stones (quivered)
Armour
 c - a +1 robe (worn)
 e - a +2 helmet
 m - a +0 pair of gloves (worn)
Jewellery
 a - a cursed ring of attention (right hand)
 i - a +2 amulet of reflection (around neck)
 t - a ring of flight (left hand)
Scrolls
 k - a scroll of teleportation
Potions
 f - 2 potions of stabbing
 p - 2 potions of berserk rage
Comestibles
 d - 10 rations
 j - 7 chunks of flesh


   Skills:
 - Level 1.5 Dodging
 - Level 2.1 Stealth
 + Level 4.2 Spellcasting
 + Level 3.8 Conjurations
   Level 0.7 Transmutations
 + Level 6.2 Earth Magic


You had 5 spell levels left.
You knew the following spells:

 Your Spells              Type           Power        Failure   Level  Hunger
a - Sandblast             Erth           #####.       1%          1    None
b - Stone Arrow           Conj/Erth      ####..       5%          3    None
c - Lee's Rapid Deconstr  Erth           #####.....   30%         5    None

Your spell library contained the following spells:

 Spells                   Type           Power        Failure   Level  Hunger
 Passwall                 Tmut/Erth      ###.....     5%          2    None
 Petrify                  Tmut/Erth      ###.....     34%         4    None


Dungeon Overview and Level Annotations

Branches:
Dungeon (4/15)
 Temple: D:4-7

Altars:
Nemelex Xobeh
Trog


Innate Abilities, Weirdness & Mutations

You are resistant to torment.
Your stone body is resilient. (AC +4)
You are immune to poison.
You resist negative energy. (rN+)
You are resistant to electric shocks. (rElec)
You can survive without breathing.
You are immune to petrification.
You are immune to rotting.
Your large and strong wings let you fly indefinitely.
You have a pair of small horns on your head.
Your magical capacity is low. (-10% MP)


Message History

The arrow closely misses you. You block the scorpion's attack.
You reach down and open the door.
The centaur shoots an arrow.
You reflect the arrow off an invisible shield around you!
The arrow hits the scorpion!
The scorpion completely misses you.
Found a twisted robe.
An ogre comes into view. It is wielding a +0 giant club.
The ogre shouts!
Found 9 gold pieces.
There is an open door here.
Casting: Stone Arrow (safe; 6% risk of failure)
Confirm with . or Enter, or press ? or * to list all spells.
Aiming: Sandblast (safe; 1% risk of failure)
Press: ? - help, Shift-Dir - straight line, f/p - scorpion
Aim: a scorpion (almost dead)
You feel a surge of power!
The blast of sand hits the scorpion.
You kill the scorpion!
You have reached level 7!
b - 35 stones The centaur shoots an arrow.
The arrow hits you!
You die...

................c....
.....................
.....................
...###..####..######
...###..####..##..##
..........#....%...#
..........#....Zc..#
######..########(###
##..##..# #@#
........$
#.......O...
.........
+.........$.
.........
#....##..### ##..##..
##..[# ### ##+###..
#...# ##..# ....#
....# #....' ....#


You could see an ogre, a centaur and a hound skeleton.

Vanquished Creatures
  Grinder (D:3)
  A scorpion (D:4)
  Natasha (twice) (D:2)
  Robin (D:3)
  2 adders
  3 gnolls (D:4)
  An adder skeleton (D:4)
  A worm (D:2)
  2 dart slugs
  5 leopard geckos
  5 orcs (D:4)
  A giant cockroach (D:1)
  13 goblins
  7 hobgoblins
  10 kobolds
  2 quokkas
  10 bats
  6 frilled lizards
  A jackal skeleton (D:4)
  14 rats
88 creatures vanquished.

Notes
Turn   | Place    | Note
-------+----------+-------------------------------------------
     0 | D:1      | Hartz the Gargoyle Earth Elementalist began the quest for
                  | the Orb.
     0 | D:1      | Reached XP level 1. HP: 10/10 MP: 3/3
   223 | D:1      | Reached skill level 4 in Earth Magic
   223 | D:1      | Reached XP level 2. HP: 10/15 MP: 1/5
  1281 | D:1      | Reached XP level 3. HP: 19/19 MP: 6/6
  1286 | D:1      | Learned a level 3 spell: Stone Arrow
  1639 | D:2      | Noticed Natasha
  1645 | D:2      | Killed Natasha
  1645 | D:2      | Reached skill level 1 in Conjurations
  1645 | D:2      | Reached XP level 4. HP: 20/24 MP: 1/8
  2066 | D:2      | Noticed Natasha
  2071 | D:2      | Killed Natasha
  2316 | D:2      | Reached skill level 5 in Earth Magic
  2478 | D:2      | Reached XP level 5. HP: 28/28 MP: 5/9
  2485 | D:2      | Learned a level 5 spell: Lee's Rapid Deconstruction
  2589 | D:3      | Noticed Grinder
  2595 | D:3      | Killed Grinder
  2595 | D:3      | Reached XP level 6. HP: 30/32 MP: 1/11
  2611 | D:3      | Gained mutation: Your magical capacity is low. (-10% MP)
                  | [potion of mutation]
  2611 | D:3      | Gained mutation: Your large and strong wings let you fly
                  | indefinitely. [potion of mutation]
  2611 | D:3      | Gained mutation: You have a pair of small horns on your
                  | head. [potion of mutation]
  2874 | D:3      | Noticed Robin
  2881 | D:3      | Killed Robin
  3282 | D:3      | Found a bloodstained altar of Trog.
  3381 | D:3      | Found a sparkling altar of Nemelex Xobeh.
  3555 | D:4      | Reached skill level 6 in Earth Magic
  3765 | D:4      | Reached XP level 7. HP: 5/36 MP: 8/12
  3765 | D:4      | Shot with an arrow by a centaur

Levels and vault maps discovered:
D:1:      giann_forest_graveyard, layout_basic, serial_co_window_serial,
          co_window_paths_a, co_window_paths_b, co_window_corner_a,
          co_window_corner_a, co_window_corner_a, co_window_paths_a,
          co_window_2corner, co_window_unsneaky_path_a, co_window_corner_b,
          co_window_cross_4, co_window_2corner, glass_columns_a,
          glass_columns_b, glass_columns_a
D:2:      minmay_razor_zed, layout_basic, uniq_natasha
D:3:      layout_basic, lightli_temple_of_fire, lemuel_doored_altar, uniq_robin,
          uniq_grinder
D:4:      layout_gridville, grunt_dithmenos_smoke,
          fedhas_bush_and_centaur_altar, overflow_temple_1_default,
          kennysheep_little_box, first_ration

Skill      XL: |  1  2  3  4  5  6 |
---------------+-------------------+-----
Earth Magic    | 4 5 6 |  6.2
Conjurations   | 1 2 3 |  3.8
Spellcasting   | 3 4 |  4.2
Dodging        | |  1.5
Stealth        | |  2.1
Transmutations | |  0.7

Action                   |  1- 3 |  4- 6 |  7- 9 || total
-------------------------+-------+-------+-------++-------
Melee: Dagger            |    75 |       |       ||    75
       Short sword       |    58 |    63 |       ||   121
       Headbutt          |       |     4 |       ||     4
 Cast: Sandblast         |    21 |    52 |     1 ||    74
       Stone Arrow       |     1 |     4 |       ||     5
  Use: Scroll            |       |    12 |       ||    12
       Potion            |       |     4 |       ||     4
 Stab: Sleeping          |     1 |       |       ||     1
  Eat: Chunk             |     3 |     7 |       ||    10
Armor: Robe              |    56 |    15 |       ||    71
Dodge: Dodged            |   131 |    50 |       ||   181
Block: Other             |     9 |     4 |       ||    13
       Reflection        |       |     1 |       ||     1

Table legend:
 A = Non-vault XP
 B = Vault XP
 C = Vault XP percentage of total XP
 D = Non-vault monster count
 E = Vault monster count
 F = Vault count percentage of total count
                 A         B        C        D         E       F
            +---------+---------+-------+---------+---------+-------
      Total |     268 |     370 |  58.0 |      66 |      22 |  25.0
            +---------+---------+-------+---------+---------+-------
        D:1 |      39 |       0 |   0.0 |      27 |       0 |   0.0
        D:2 |      61 |      68 |  52.7 |      15 |      12 |  44.4
        D:3 |      28 |     302 |  91.5 |      11 |      10 |  47.6
        D:4 |     140 |       0 |   0.0 |      13 |       0 |   0.0
            +---------+---------+-------+---------+---------+-------
